 Dungeon Crawl Stone Soup version 0.28-a0-771-g91a516d0e7 (webtiles) character file.

Game seed: 17531985075808042570

22155 KennyOmg the Severer (level 12, -5/117 HPs)
             Began as a Minotaur Berserker on Nov 1, 2021.
             Was a High Priest of Trog.
             Slain by a manticore (10 damage)
             ... on level 12 of the Dungeon.
             The game lasted 00:14:56 (16689 turns).

KennyOmg the Severer (Minotaur Berserker)          Turns: 16689, Time: 00:14:56

Health: -5/117     AC: 17    Str: 24    XL:     12   Next: 60%
Magic:  11/11      EV:  7    Int:  6    God:    Trog [*****.]
Gold:   712        SH:  0    Dex: 11    Spells: 11/11 levels left

rFire   . . .      SeeInvis .   f - +4 executioner's axe (vorpal)
rCold   . . .      Faith    .   (shield currently unavailable)
rNeg    . . .      Spirit   .   x - +0 plate armour
rPois   .          Reflect  .   O - +0 hat
rElec   .          Harm     .   n - +0 cloak
rCorr   .          Rampage  .   (no gloves)
Will    +....                   G - +0 pair of boots
Stlth   ..........              (no amulet)
HPRegen 0.29/turn               J - ring of willpower
MPRegen 0.12/turn               a - +4 ring of protection

@: spiked
A: horns 2, retaliatory headbutt
a: Renounce Religion, Berserk, Trog's Hand, Brothers in Arms


You were on level 12 of the Dungeon.
You worshipped Trog.
Trog was extremely pleased with you.
You visited 1 branch of the dungeon, and saw 12 of its levels.

You collected 712 gold pieces.

Inventory:

Hand Weapons
 f - a +4 vorpal executioner's axe (weapon)
   (Trog gifted it to you on level 10 of the Dungeon)
 P - the +8 war axe "Pequkitzu" {venom, rElec rF+ rC+}
   (You found it on level 10 of the Dungeon)

   It poisons the flesh of those it strikes.
   rF:        It protects you from fire.
   rC:        It protects you from cold.
   rElec:     It insulates you from electricity.
Missiles
 h - 63 poisoned darts (quivered)
 I - a curare-tipped dart {!f}
Armour
 n - a +0 cloak (worn)
   (You found it on level 3 of the Dungeon)
 x - a +0 plate armour (worn)
   (You found it on level 4 of the Dungeon)
 G - a +0 pair of boots (worn)
   (You found it on level 3 of the Dungeon)
 O - a +0 hat (worn)
   (You found it on level 9 of the Dungeon)
Jewellery
 a - a +4 ring of protection (right hand)
   (You found it on level 5 of the Dungeon)
 e - an amulet of magic regeneration
   (You found it on level 11 of the Dungeon)
 i - a ring of protection from fire
   (You took it off an orc wizard on level 10 of the Dungeon)
 o - a ring of protection from cold
   (You found it on level 6 of the Dungeon)
 B - a ring of resist corrosion
   (You found it on level 5 of the Dungeon)
 J - a ring of willpower (left hand)
   (You found it on level 4 of the Dungeon)
Wands
 d - a wand of iceblast (22)
   (You found it on level 4 of the Dungeon)
 t - a wand of flame (76)
   (You found it on level 5 of the Dungeon)
 u - a wand of paralysis (8)
   (You took it off a kobold on level 8 of the Dungeon)
 v - a wand of digging (8)
   (You found it on level 5 of the Dungeon)
 y - a wand of polymorph (8)
   (You found it on level 9 of the Dungeon)
 A - a wand of mindburst (8)
   (You took it off an orc on level 5 of the Dungeon)
Scrolls
 b - 5 scrolls of amnesia {unknown}
 c - a scroll of summoning {unknown}
 k - 2 scrolls of enchant armour {unknown}
 m - a scroll of holy word {unknown}
 p - 2 scrolls of immolation {unknown}
 q - 5 scrolls of noise {unknown}
 r - a scroll of acquirement {unknown}
 s - 3 scrolls of fear {unknown}
 w - 5 scrolls of enchant weapon {unknown}
 z - 2 scrolls of vulnerability {unknown}
 L - 3 scrolls of teleportation {unknown}
 Q - a scroll of torment {unknown}
 R - a scroll of identify {@r1}
Potions
 g - a potion of heal wounds {@q2}
 j - 9 potions of curing {@q1}
 l - a potion of resistance
 C - 2 potions of lignification {!q}
 D - a potion of mutation {!q}
 E - a potion of invisibility
 F - 4 potions of haste {@q3}
 H - a potion of might {unknown}
 K - 2 potions of flight
 N - a potion of cancellation
Miscellaneous
 M - a piece from Xom's chessboard (15/15)
   (You found it on level 9 of the Dungeon)


   Skills:
 + Level 14.2 Fighting
 * Level 19.2 Axes
 - Level 2.4 Armour
 - Level 2.1 Dodging
 + Level 6.5 Evocations


You had 11 spell levels left.
You didn't know any spells.
Your spell library was empty.

Dungeon Overview and Level Annotations

Branches:
Dungeon (12/15)            Temple (0/1) D:6            Lair (0/6) D:11
    Orc (0/2) D:12

Altars:
Ru

Annotations:
D:4 1 transporter, Gargoyl's ghost, novice GnAK


Innate Abilities, Weirdness & Mutations

You have a pair of horns on your head.
You reflexively headbutt those who attack you in melee.


Message History

You slice the yak!! Your headbutt misses the yak. The yak closely misses you.
You chop the yak into pieces!!!
You kill the yak!
Trog accepts your kill. The yak gores you but does no damage.
The manticore flicks its tail.
The volley of spikes hits you!
The barbed spikes become lodged in your body.
* * * LOW HITPOINT WARNING * * *
Things that are here:
a yak corpse; a vampire mosquito corpse You are too injured to fight recklessly!
Unknown command.
You hit the yak but do no damage. You headbutt the yak! The yak gores you.
* * * LOW HITPOINT WARNING * * *
You slash the yak! The yak completely misses you. You furiously retaliate!
You headbutt the yak! You slice the yak!!
You kill the yak!
Trog accepts your kill.
The manticore flicks its tail.
The volley of spikes misses you.
The barbs in your skin will harm you if you move.
Continue? [Y]es or [N]o only, please.
The barbs in your skin will harm you if you move.
Continue?
Okay, then.
A manticore is nearby!
The barbs in your skin will harm you if you move.
Continue?
The barbed spikes dig painfully into your body as you move.
* * * LOW HITPOINT WARNING * * *
The manticore flicks its tail.
The volley of spikes hits you!
The barbed spikes become lodged in your body.
* * * LOW HITPOINT WARNING * * *
A manticore is nearby!
The barbed spikes dig painfully into your body as you move.
* * * LOW HITPOINT WARNING * * *
The manticore flicks its tail.
The volley of spikes hits you but does no damage.
The barbed spikes dig painfully into your body as you move.
* * * LOW HITPOINT WARNING * * *
The manticore barely misses you. The manticore claws you!
* * * LOW HITPOINT WARNING * * *
The manticore claws you!
* * * LOW HITPOINT WARNING * * *
You slice the manticore!!
You headbutt the manticore, but do no damage.
The manticore bites you but does no damage.
The manticore claws you!
You die...

..........#...#
..........#...# ..
....#####.#...# ...
....#####.#...#########....
..........#................
..........#........†.......
..........#........).......
..........#................
....###.. #.....@..........
....# #....H...........
....# #..........##'###
#...###.. #..........# ...
#........ #..........# ..
......... #..........#
..######+ #...######## ..#
#... ..#


You could see a manticore.

Vanquished Creatures
  Josephine (D:10)
  A hydra (D:12)
  A boulder beetle (D:10)
  5 two-headed ogres
  2 ugly things
  2 cyclopes (D:12)
  Joseph (D:10)
  A gargoyle (D:12)
  3 komodo dragons
  Maggie (D:10)
  3 trolls
  A hornet (D:8)
  Sigmund (D:4)
  9 wraiths
  A steam dragon (D:6)
  18 yaks
  3 vampire mosquitoes
  Menkaure (D:4)
  3 acid dragons
  3 water moccasins
  9 orc warriors
  3 necrophages (D:10)
  A sky beast (D:6)
  A black bear (D:11)
  An ogre (D:6)
  9 centaurs
  A phantom (D:4)
  3 kobold brigands
  Blork the orc (D:4)
  6 bullfrogs
  4 scorpions
  A water moccasin zombie (D:5)
  A water moccasin skeleton (D:5)
  10 killer bees
  11 wights
  17 howler monkeys
  A bullfrog zombie (D:6)
  8 centaur zombies
  9 hounds
  A bullfrog skeleton (D:5)
  2 centaur skeletons
  12 orc priests
  3 iguanas
  Terence (D:2)
  Natasha (thrice) (D:4)
  9 orc wizards
  A killer bee zombie (D:9)
  A hound skeleton (D:4)
  A mummy (D:10)
  A howler monkey zombie (D:7)
  4 adders
  15 gnolls (D:5)
  2 shadow imps
  3 ufetubi
  2 adder skeletons
  3 worms
  55 orcs
  4 bats
  8 endoplasms
  5 giant cockroaches
  4 goblins
  6 hobgoblins
  15 jackals (D:5)
  13 kobolds
  6 quokkas
  4 ball pythons
  A jackal skeleton (D:4)
  3 rats (D:3)
  A spectral hobgoblin (D:3)
347 creatures vanquished.

Vanquished Creatures (collateral kills)
  A hydra (D:11)
  A two-headed ogre (D:9)
  A wyvern (D:9)
3 creatures vanquished.

Vanquished Creatures (others)
  An orc wizard (D:9)
  21 fungi (D:11)
  19 plants
  2 withered plants (D:10)
43 creatures vanquished.

Grand Total: 393 creatures vanquished

Notes
Turn   | Place    | Note
-------+----------+-------------------------------------------
     0 | D:1      | KennyOmg the Minotaur Berserker began the quest for the
                  | Orb.
     0 | D:1      | Reached XP level 1. HP: 19/19 MP: 0/0
   165 | D:1      | Reached skill level 4 in Axes
   294 | D:1      | Reached XP level 2. HP: 27/27 MP: 1/1
   981 | D:2      | Noticed Terence
   988 | D:2      | Killed Terence
   989 | D:2      | Reached skill level 5 in Axes
   989 | D:2      | Reached XP level 3. HP: 34/34 MP: 2/2
  1686 | D:3      | Found a faded altar of an unknown god.
  1729 | D:3      | Reached XP level 4. HP: 34/41 MP: 3/3
  1831 | D:3      | Reached ** piety under Trog
  1923 | D:3      | Reached skill level 5 in Fighting
  1923 | D:3      | Reached skill level 6 in Axes
  1923 | D:3      | Reached XP level 5. HP: 15/48 MP: 4/4
  2489 | D:3      | Noticed a water moccasin
  2505 | D:3      | Killed a water moccasin
  2506 | D:3      | Reached skill level 7 in Axes
  2510 | D:3      | HP: 2/48 [poisoned by a water moccasin]
  2912 | D:4      | Noticed Menkaure
  2917 | D:4      | Killed Menkaure
  2918 | D:4      | Reached XP level 6. HP: 57/57 MP: 5/5
  3141 | D:4      | Found a transporter.
  3142 | D:4      | Noticed Gargoyl's ghost (novice GnAK)
  3143 | D:4      | Noticed Sigmund
  3162 | D:4      | Killed Sigmund
  3163 | D:4      | Reached skill level 8 in Axes
  3163 | D:4      | Reached XP level 7. HP: 51/63 MP: 6/6
  3222 | D:4      | Identified the +8 giant club "Xoetz" {vorpal, rF+ rC+ rN+
                  | Str+2}
  3267 | D:4      | Noticed Natasha
  3274 | D:4      | Killed Natasha
  3612 | D:4      | Noticed Blork the orc
  3618 | D:4      | Killed Blork the orc
  3692 | D:4      | Reached skill level 9 in Axes
  3835 | D:4      | Noticed Natasha
  3844 | D:4      | Killed Natasha
  4075 | D:4      | Noticed Natasha
  4080 | D:4      | Killed Natasha
  4158 | D:5      | Entered Level 5 of the Dungeon
  4228 | D:5      | Reached *** piety under Trog
  4343 | D:5      | Reached XP level 8. HP: 69/73 MP: 7/7
  4398 | D:5      | Reached skill level 10 in Axes
  4987 | D:5      | Reached **** piety under Trog
  5275 | D:5      | Reached skill level 11 in Axes
  6243 | D:6      | Reached skill level 12 in Axes
  6243 | D:6      | Reached XP level 9. HP: 75/82 MP: 8/8
  6280 | D:6      | Found a staircase to the Ecumenical Temple.
  6542 | D:6      | Identified the +5 long sword of Attainder {vorpal, *Noise
                  | rPois Str+5}
  7152 | D:7      | Found a sacrificial altar of Ru.
  7400 | D:7      | Reached skill level 13 in Axes
  7752 | D:6      | Reached skill level 10 in Fighting
  8545 | D:7      | Identified the +11 rapier "Lostaph" {flame, Int+4}
  8952 | D:8      | Noticed a troll
  8961 | D:8      | Killed a troll
  8962 | D:8      | Reached skill level 14 in Axes
  9218 | D:8      | Paralysed by a hornet for 1 turns
  9221 | D:8      | Reached XP level 10. HP: 74/94 MP: 9/9
  9817 | D:8      | Reached ***** piety under Trog
 10838 | D:9      | Reached skill level 15 in Axes
 11737 | D:9      | Noticed a two-headed ogre
 11742 | D:9      | Killed a two-headed ogre
 11743 | D:9      | Reached skill level 16 in Axes
 11743 | D:9      | Reached skill level 1 in Evocations
 11921 | D:9      | Noticed a brown ugly thing
 11954 | D:9      | Noticed a two-headed ogre
 11961 | D:9      | Killed a two-headed ogre
 11964 | D:9      | Reached XP level 11. HP: 80/104 MP: 10/10
 11967 | D:9      | Noticed a two-headed ogre
 11975 | D:9      | HP: 5/104 [wyvern (11)]
 11975 | D:9      | HP: 2/104 [wyvern (3)]
 11976 | D:9      | Killed a two-headed ogre
 12075 | D:9      | Killed a brown ugly thing
 12420 | D:9      | Identified the +9 scimitar of Karrodod {antimagic, *Rage
                  | rElec rF+}
 12534 | D:10     | Entered Level 10 of the Dungeon
 12538 | D:10     | Noticed Joseph
 12558 | D:10     | Killed Joseph
 12870 | D:10     | Identified the +8 war axe "Pequkitzu" {venom, rElec rF+
                  | rC+}
 12882 | D:10     | Noticed a boulder beetle
 12890 | D:10     | Killed a boulder beetle
 12894 | D:10     | Reached skill level 17 in Axes
 13246 | D:10     | Noticed Josephine
 13260 | D:10     | Killed Josephine
 13289 | D:10     | Noticed Maggie
 13297 | D:10     | Killed Maggie
 13834 | D:10     | Received a gift from Trog
 14123 | D:11     | Noticed a five-headed hydra
 14124 | D:11     | Reached skill level 5 in Evocations
 14127 | D:11     | Killed a five-headed hydra
 14128 | D:11     | Reached skill level 18 in Axes
 14491 | D:11     | Reached XP level 12. HP: 110/115 MP: 11/11
 14505 | D:11     | Noticed a two-headed ogre
 14510 | D:11     | Killed a two-headed ogre
 14678 | D:11     | Found a staircase to the Lair.
 15690 | D:12     | Noticed a two-headed ogre
 15695 | D:12     | Killed a two-headed ogre
 16123 | D:12     | Noticed a five-headed hydra
 16130 | D:12     | Killed an eight-headed hydra
 16338 | D:12     | Noticed a two-headed ogre
 16347 | D:12     | Killed a two-headed ogre
 16348 | D:12     | Reached skill level 19 in Axes
 16553 | D:12     | Found a staircase to the Orcish Mines.
 16688 | D:12     | HP: 5/117 [manticore (8)]
 16689 | D:12     | Slain by a manticore

Illustrated notes

Levels and vault maps discovered:
D:1:      heliophobic_arrival_battle_scene, layout_loops_ring
D:2:      layout_basic, uniq_terence
D:3:      minmay_angry_zag, layout_basic,
          dreamdust_ecumenical_altar_drowned_temple
D:4:      layout_gridville, gammafunk_ghost_smash, minmay_misc_feat_diagonals,
          minmay_quadrilaterals, uniq_menkaure, uniq_natasha,
          uniq_blork_the_orc, uniq_sigmund
D:5:      lemuel_castle_with_subvaults [lemuel_castle_interior_carwin_2],
          layout_basic
D:6:      layout_basic, minmay_temple_entry_junction, minmay_misc_feat_room,
          grunt_decor_mini_mirrors
D:7:      layout_gridville, lemuel_doored_altar
D:8:      layout_loops_corners
D:9:      minmay_clustersquares, layout_basic
D:10:     layout_roguey, serial_undead, serial_undead_d, serial_undead_a,
          serial_undead_e, serial_undead_c, minmay_chambers_of_fives,
          uniq_joseph, uniq_maggie, uniq_josephine
D:11:     layout_irregular_city, due_lair_maze_entry_diamond
D:12:     layout_stronghold, david_orc_4

Skill      XL: |  1  2  3  4  5  6  7  8  9 10 11 12 |
---------------+-------------------------------------+-----
Axes           | 4 5 6 7 8 9 12 14 16 18 19 | 19.2
Fighting       | 4 5 6 7 8 10 12 13 14 | 14.2
Evocations     | 2 5 6 |  6.5
Armour         | |  2.4
Dodging        | |  2.1

Action                   |  1- 3 |  4- 6 |  7- 9 | 10-12 || total
-------------------------+-------+-------+-------+-------++-------
Melee: Hand axe          |    65 |    75 |   108 |       ||   248
       Headbutt          |    12 |    14 |    73 |    70 ||   169
       War axe           |       |       |   205 |   103 ||   308
       Battleaxe         |       |       |    88 |   156 ||   244
       Executioner's axe |       |       |       |   102 ||   102
Invok: Berserk           |     1 |     3 |     2 |     7 ||    13
       Trog's Hand       |       |     1 |       |     1 ||     2
       Brothers in Arms  |       |       |       |     2 ||     2
  Use: Scroll            |       |       |       |    11 ||    11
Armor: Ring mail         |     9 |       |       |       ||     9
       Animal skin       |     1 |       |       |       ||     1
       Chain mail        |    14 |    34 |    34 |       ||    82
       Plate armour      |       |       |   252 |   256 ||   508
Dodge: Dodged            |    27 |    27 |   135 |   154 ||   343

Table legend: (Time is in decaauts)
 A = Elapsed time spent in this place.
 B = Non-inter-level travel time spent in this place.
 C = Inter-level travel time spent in this place.
 D = Time resting spent in this place.
 E = Time spent auto-exploring this place.
 F = Levels seen in this place.
 G = Mean time per level.
                   A        B        C        D        E       F      G
               +--------+--------+--------+--------+--------+-----+--------+
         Total |  16782 |  16425 |    357 |   4969 |   9367 |  12 | 1398.5 |
       Dungeon |  16782 |  16425 |    357 |   4969 |   9367 |  12 | 1398.5 |
               +--------+--------+--------+--------+--------+-----+--------+

Top non-repeatable levels by time:
     D:5: 2074 daAuts
     D:9: 2026 daAuts
     D:8: 1934 daAuts
    D:10: 1543 daAuts
    D:11: 1331 daAuts
     D:3: 1285 daAuts
     D:4: 1277 daAuts
    D:12: 1266 daAuts
     D:7: 1214 daAuts
     D:6: 1184 daAuts
     D:2: 992 daAuts
     D:1: 652 daAuts
